 Dungeon Crawl Stone Soup version 0.16-a0-1301-gf74d490 (webtiles) character file.

11711 PolkaDot the Transmogrifier (level 11, -6/101 HPs)
             Began as a White Draconian Transmuter on Oct 15, 2014.
             Mangled by a blink frog (15 damage)
             ... on level 1 of the Lair of Beasts.
             The game lasted 00:44:33 (12600 turns).

PolkaDot the Transmogrifier (DrTm)                 Turns: 12600, Time: 00:44:33

Health: -6/101     AC:  9    Str: 17    XL:     11   Next: 52%
Magic:  3/17       EV: 17    Int: 13    God:
Gold:   532        SH:  0    Dex: 16    Spells: 2 memorised, 8 levels left

rFire  . . .     SeeInvis +       - Unarmed
rCold  + . .     Clarity  .     (armour unavailable)
rNeg   . . .     SustAb   .     (shield currently unavailable)
rPois  .         Gourm    .     j - +2 hat {SInv}
rElec  .         Spirit   .     (no cloak)
rCorr  .         Warding  .     (gloves currently unavailable)
rMut   .         Stasis   .     (no boots)
MR     .....                    A - amulet of rage
Stlth  +++.......               (no ring)
                                (no ring)

@: agile, blade hands, very slightly contaminated, not resistant to hostile
enchantments, fairly stealthy
A: breathe frost, unfitting armour, blink 1, cold resistance 1, cold-blooded, AC
+7
a: Breathe Frost, End Transformation, Blink, Evoke Berserk Rage


You were on level 1 of the Lair of Beasts.
You were not hungry.
You had blades for hands.
You visited 3 branches of the dungeon, and saw 12 of its levels.
You also visited: Sewer.

You collected 532 gold pieces.

Inventory:

Hand weapons
 b - a +7 blowgun
Missiles
 m - a tomahawk (quivered)
 E - 2 throwing nets
 I - 4 poisoned needles
Armour
 j - a +2 hat of see invisible (worn)
Jewellery
 A - an amulet of rage (around neck)
Magical devices
 h - a wand of digging (6)
 u - a wand of teleportation (4)
 w - a wand of digging (7)
 D - a wand of polymorph (9)
Scrolls
 c - 2 scrolls of immolation
 e - a scroll of fear
 g - 2 scrolls of teleportation
 o - a scroll of amnesia {unknown}
 q - 3 scrolls of magic mapping
 r - a scroll of enchant armour {unknown}
 s - a scroll of blinking
 t - a scroll of acquirement {unknown}
 x - a scroll of silence {unknown}
 y - 2 scrolls of fog
 B - a scroll of vulnerability {unknown}
 G - a scroll of remove curse
 H - a scroll of noise {unknown}
Potions
 l - a potion of restore abilities
 n - 4 potions of magic
 p - 2 potions of flight
 F - a potion of brilliance
Books
 d - a book of Changes

   Spells                             Type                      Level
   *Beastly Appendage                 Transmutation                1
   Sticks to Snakes                   Transmutation                2
   Spider Form                        Transmutation/Poison         3
   Ice Form                           Ice/Transmutation            4
   *Blade Hands                       Transmutation                5
 L - a Necronomicon {highlevel, unknown}

   This book is beyond your current level of understanding.

   Spells                             Type                      Level
   Haunt                              Necromancy/Summoning         7
   Borgnjor's Revivification          Necromancy                   8
   Death's Door                       Charms/Necromancy            8
   Necromutation                      Transmutation/Necromancy     8
Comestibles
 a - 8 bread rations
 f - a fruit
 i - 6 meat rations
 v - 6 beef jerkies


   Skills:
 * Level 10.5 Fighting
 - Level 1.7 Dodging
 * Level 10.5 Unarmed Combat
 - Level 2.0 Spellcasting
 + Level 13.0 Transmutations


You had 8 spell levels left.
You knew the following spells:

 Your Spells              Type           Power        Failure   Level  Hunger
a - Beastly Appendage     Trmt           #####.       8%          1    ##.....
b - Blade Hands           Trmt           #####.....   28%         5    ######.


Dungeon Overview and Level Annotations

Branches:
Dungeon (10/15)            Temple (1/1) D:4            Lair (1/8) D:10
    Orc: D:9-12

Altars:
Ashenzari
Cheibriados
Dithmenos
Elyvilon
Fedhas
Gozag
Kikubaaqudgha
Makhleb
Nemelex Xobeh
Okawaru
Qazlal
Ru
Sif Muna
Trog
Vehumet
Xom
Yredelemnul
Zin
The Shining One

Shops:
D:4 *


Innate Abilities, Weirdness & Mutations

You can breathe waves of freezing cold.
You can buffet flying creatures when you breathe cold.
Your icy white scales are hard (AC +7).
Your body does not fit into most forms of armour.
Your flesh is cold resistant.
Your cold-blooded metabolism reacts poorly to cold.
You can translocate small distances at will.


Message History

Eat which item? (? for menu, Esc to quit)
That apple was delicious!
You are feeling hungry.
Eat which item? (? for menu, Esc to quit)
Mmm - a full handful of figs!
Casting: Blade Hands
Confirm with . or Enter, or press ? or * to list all spells.
Your hands turn into razor-sharp scythe blades.
* * * LOW MAGIC WARNING * * *
The blink frog blinks!
The blink frog blinks!
You slice the blink frog!!
The blink frog is severely wounded.
The blink frog hits you but does no damage.
The blink frog momentarily phases out as your attack passes through it.
The blink frog is severely wounded.
The blink frog blinks!
You miss the blink frog.
Your tail-slap misses the blink frog.
The blink frog hits you!
You die...

######.####.+...............
#######..#..#..........#....
.............###..#.#..#.....
..............................
...............................
............F...................
............Y....§...............
............####F#####..........
............####@#####.....###.#P
## #.###...F##...%..##.....#.....
# ...F.#.Y.##......##.....#.....
........YY##......##.....#.....
.......#...##......##...........
......#...#.......##...........
.........§..##......##...........
..###.#.#....#########...........
....Y.......#######.##.....####..


You could see a blink frog.

Vanquished Creatures
  Gastronok (D:10)
  An unseen horror (D:10)
  Erolcha (D:9)
  Pikel (D:5)
  A hill giant (D:10)
  A gargoyle (D:10)
  A komodo dragon (D:10)
  Grinder (D:5)
  A troll (D:9)
  A two-headed ogre (D:9)
  2 blink frogs (Lair:1)
  2 wyverns
  A hungry ghost (D:8)
  14 yaks
  A hippogriff (D:10)
  5 ice beasts
  2 water moccasins (Lair:1)
  4 ogres
  2 sky beasts
  The ghost of Charly the Cudgeler, an average NaBe of Trog (D:5)
  A black bear (D:8)
  An orc warrior (D:6)
  2 phantoms
  2 slaves (D:5)
  2 centaurs (D:9)
  5 big kobolds
  Sigmund (D:5)
  6 giant frogs
  A gnoll sergeant (D:7)
  4 scorpions
  A wight (D:7)
  A yak zombie (D:7)
  6 killer bees (D:8)
  3 crimson imps
  2 goliath beetles
  4 hounds
  A giant frog skeleton (D:7)
  5 orc priests
  2 quasits
  A human skeleton (D:8)
  2 orc wizards
  2 iguanas
  7 worker ants
  The ghost of Charly the Grave Robber, a weakling DsNe (D:4)
  An ogre skeleton (D:6)
  12 gnolls
  4 green rats
  2 shadow imps
  12 adders
  A giant mite (D:3)
  6 worms
  An iguana skeleton (D:10)
  5 giant geckos
  5 oozes
  21 orcs
  A bat zombie (D:5)
  6 giant cockroaches
  9 goblins
  8 hobgoblins
  35 kobolds
  6 quokkas
  7 ball pythons
  7 bats
  4 giant newts
  2 hobgoblin skeletons
  11 jackals
  2 kobold zombies
  An orc skeleton (D:6)
  17 rats
  A rat zombie (D:4)
294 creatures vanquished.

Vanquished Creatures (others)
  A plant (D:10)
1 creature vanquished.

Grand Total: 295 creatures vanquished

Notes
Turn   | Place    | Note
--------------------------------------------------------------
     0 | D:1      | PolkaDot, the Draconian Transmuter, began the quest for the Orb.
     0 | D:1      | Reached XP level 1. HP: 16/16 MP: 3/3
   287 | D:1      | Found a sparkling altar of Nemelex Xobeh.
   415 | D:1      | Reached XP level 2. HP: 21/23 MP: 4/4
   982 | D:2      | Reached XP level 3. HP: 24/29 MP: 6/6
  1234 | D:2      | Reached skill level 4 in Unarmed Combat
  1501 | D:3      | Found a white marble altar of Elyvilon.
  1503 | D:3      | Found an opulent altar of Gozag.
  1505 | D:3      | Found an iron altar of Okawaru.
  1506 | D:3      | Found a shattered altar of Ashenzari.
  1616 | D:3      | Found a sparkling altar of Nemelex Xobeh.
  1684 | D:3      | Reached XP level 4. HP: 11/36 MP: 7/7
  1717 | D:3      | Reached skill level 11 in Transmutations
  1717 | D:3      | Reached XP level 5. HP: 10/41 MP: 9/9
  1780 | D:3      | Learned a level 5 spell: Blade Hands
  1786 | D:3      | Noticed a phantom
  1906 | D:3      | HP: 2/42 [green rat (4)]
  2003 | D:3      | Found a glowing drain.
  2013 | Sewer    | Entered a sewer
  2618 | Sewer    | Reached XP level 6. HP: 26/50 MP: 0/10
  2778 | Sewer    | Gained mutation: You have sharp toenails. [potion of mutation]
  2778 | Sewer    | Gained mutation: You occasionally shout uncontrollably at your foes. [potion of mutation]
  2778 | Sewer    | Gained mutation: You tend to lose your temper in combat. [potion of mutation]
  2806 | D:3      | Killed a phantom
  3205 | D:3      | Found an ancient bone altar of Kikubaaqudgha.
  3339 | D:4      | Noticed Charly's ghost (weakling DsNe)
  3348 | D:4      | Killed Charly's ghost
  3399 | D:4      | Found a staircase to the Ecumenical Temple.
  3422 | Temple   | Entered the Ecumenical Temple
  3626 | D:4      | Found Maaman's General Store.
  3802 | D:4      | Reached skill level 5 in Unarmed Combat
  3802 | D:4      | Your scales start taking on an icy white colour.
  3802 | D:4      | Gained mutation: Your flesh is cold resistant. [draconian maturity]
  3802 | D:4      | Reached XP level 7. HP: 46/57 MP: 10/12
  4056 | D:5      | Entered Level 5 of the Dungeon
  4056 | D:5      | Noticed Sigmund
  4061 | D:5      | Noticed Charly's ghost (average NaBe)
  4061 | D:5      | Killed Sigmund
  4066 | D:5      | Killed Charly's ghost
  4176 | D:5      | Found a bloodstained altar of Trog.
  4198 | D:5      | Reached XP level 8. HP: 43/67 MP: 8/13
  4212 | D:5      | Gained mutation: You can translocate small distances at will. [mutagenic meat]
  4213 | D:5      | Gained mutation: Your muscles are strong. (Str +2) [mutagenic meat]
  4679 | D:5      | Noticed Grinder
  4683 | D:5      | Paralysed by Grinder for 3 turns
  4688 | D:5      | Killed Grinder
  4688 | D:5      | Reached skill level 5 in Fighting
  4749 | D:5      | Noticed Pikel
  4752 | D:5      | Killed Pikel
  5028 | D:5      | Found a deep blue altar of Sif Muna.
  5329 | D:6      | Reached XP level 9. HP: 41/75 MP: 8/14
  5332 | D:6      | Reached skill level 12 in Transmutations
  6258 | D:7      | Found a staircase to the Ecumenical Temple.
  6292 | D:7      | Found an iron altar of Okawaru.
  8580 | D:8      | Reached XP level 10. HP: 66/86 MP: 4/16
  8871 | D:8      | Found a basalt altar of Yredelemnul.
  9913 | D:9      | Noticed Erolcha
  9929 | D:9      | Killed Erolcha
 10300 | D:10     | Entered Level 10 of the Dungeon
 10454 | D:10     | Killed an unseen horror
 10716 | D:10     | Noticed Gastronok
 10740 | D:10     | Killed Gastronok
 10747 | D:10     | Reached XP level 11. HP: 25/97 MP: 12/17
 11315 | D:10     | Found a staircase to the Lair.
 11995 | D:10     | Noticed a hill giant
 12006 | D:10     | Killed a hill giant
 12006 | D:10     | Reached skill level 10 in Fighting
 12006 | D:10     | Reached skill level 10 in Unarmed Combat
 12334 | Lair:1   | Entered Level 1 of the Lair of Beasts
 12585 | Lair:1   | Reached skill level 13 in Transmutations
 12588 | Lair:1   | Lost mutation: You occasionally shout uncontrollably at your foes. [potion of cure mutation]
 12588 | Lair:1   | Lost mutation: You tend to lose your temper in combat. [potion of cure mutation]
 12588 | Lair:1   | Lost mutation: You have sharp toenails. [potion of cure mutation]
 12588 | Lair:1   | Lost mutation: Your muscles are strong. (Str +2) [potion of cure mutation]
 12600 | Lair:1   | Mangled by a blink frog

Action                   |  1- 3 |  4- 6 |  7- 9 | 10-12 || total
-------------------------+-------+-------+-------+-------++-------
Melee: Unarmed           |   182 |   206 |   342 |   235 ||   965
 Fire: Blowgun           |       |       |    27 |    12 ||    39
Throw: Throwing net      |       |       |     2 |     1 ||     3
       Tomahawk          |       |       |       |     2 ||     2
 Cast: Beastly Appendage |     9 |     2 |     1 |       ||    12
       Blade Hands       |       |     8 |    30 |    20 ||    58
 Abil: Breathe Frost     |       |       |     1 |       ||     1
       Evoke Berserk Rag |       |       |       |     1 ||     1
Evoke: Wand              |       |       |       |    10 ||    10
  Use: Potion            |     3 |     8 |     2 |     8 ||    21
       Scroll            |       |     7 |     1 |    15 ||    23
 Stab: Held in net/web   |       |       |     1 |       ||     1
       Distracted        |       |       |       |     1 ||     1
  Eat: Chunk             |     3 |     5 |    27 |    17 ||    52
       Meat ration       |       |     1 |       |       ||     1
       Fruit             |       |     1 |     1 |     5 ||     7
       Beef jerky        |       |       |     2 |       ||     2
